 Dungeon Crawl Stone Soup version 0.25.1-2-g60ff931df9 (webtiles) character file.

Game seed: 1252078032345864266

130 flotson the Covered (level 4, -8/35 HPs)
             Began as a Demonspawn Wanderer on Oct 11, 2020.
             Mangled by a gnoll
             ... wielding a +0 halberd
              (10 damage)
             ... on level 3 of the Dungeon.
             The game lasted 00:03:53 (2978 turns).

flotson the Covered (Demonspawn Wanderer)           Turns: 2978, Time: 00:03:54

Health: -8/35      AC:  7    Str: 15    XL:     4   Next: 90%
Magic:  4/4        EV: 10    Int: 12    God:
Gold:   147        SH:  0    Dex: 12    Spells: 3/3 levels left

rFire    . . .     SeeInvis .   b - +0 shortbow
rCold    . . .     Gourm    .   (shield currently unavailable)
rNeg     . . .     Faith    .   i - +0 scale mail
rPois    .         Spirit   .   (no helmet)
rElec    .         Reflect  .   (no cloak)
rCorr    .         Harm     .   (no gloves)
MR       .....                  (no boots)
Stlth    ..........             (no amulet)
HPRegen  0.11/turn              (no ring)
MPRegen  0.09/turn              (no ring)

@: no status effects
A: talons 1
a: no special abilities


You were on level 3 of the Dungeon.
You were not hungry.

You visited 1 branch of the dungeon, and saw 3 of its levels.

You collected 147 gold pieces.

Inventory:

Hand Weapons
 a - a +2 dagger
 b - a +0 shortbow (weapon)
Missiles
 p - 52 arrows (quivered)
Armour
 i - a +0 scale mail (worn)
Jewellery
 j - an uncursed ring of ice {unknown}
Scrolls
 c - a scroll of random uselessness {unknown}
 e - 2 scrolls of identify {unknown}
 h - 6 scrolls of teleportation {unknown}
 l - a scroll of fear {unknown}
 m - a scroll of magic mapping {unknown}
 n - a scroll of enchant weapon {unknown}
Potions
 f - a potion of heal wounds {unknown}
 g - 2 potions of mutation {unknown}
 k - a potion of haste {unknown}
 o - a potion of berserk rage
 r - a potion of magic {unknown}
Comestibles
 d - 8 rations
 q - a chunk of flesh


   Skills:
 + Level 3.3 Fighting
 - Level 1.0 Throwing
 + Level 3.7 Armour
 + Level 2.2 Dodging
 - Level 1.0 Stealth
   Level 2.0 Hexes
   Level 1.0 Poison Magic


You had 3 spell levels left.
You didn't know any spells.
Your spell library was empty.

Dungeon Overview and Level Annotations

Branches:
Dungeon (3/15)

Altars:


Innate Abilities, Weirdness & Mutations

You have sharp toenails.


Message History

Aim: a gnoll, wielding a +0 halberd (heavily wounded)
You shoot an arrow. The arrow hits the gnoll.
The gnoll is severely wounded.
The gnoll hits you from afar with a +0 halberd!
* * * LOW HITPOINT WARNING * * *
Firing (i - inventory)
p - 54 arrows (quivered)
Press: ? - help, Shift-Dir - straight line, f/p - gnoll
Aim: a gnoll, wielding a +0 halberd (severely wounded)
You shoot an arrow. The arrow hits the gnoll.
The gnoll is almost dead.
The gnoll hits you from afar with a +0 halberd.
* * * LOW HITPOINT WARNING * * *
Firing (i - inventory)
p - 53 arrows (quivered)
Press: ? - help, Shift-Dir - straight line, f/p - gnoll
Aim: a gnoll, wielding a +0 halberd (almost dead)
You shoot an arrow.
The arrow hits the gnoll but does no damage.
The gnoll is almost dead.
The gnoll hits you from afar with a +0 halberd!
You die...

#.####### #.# #.#
#........ #.# #.#
#..#####. #.###.# .
#..#...#.# #.....# ..
#....#.#.# ####### ..(
......<#.# ... ##...###.#
..###
.........###########......
................@.g(...(..
####.......###############
# #.......# ## #.......#
.# #.......# .# #.......#
.###.......# ..##.......#
#.##.......#


You could see a gnoll.

Vanquished Creatures
  An orc wizard (D:3)
  4 adders
  2 dart slugs (D:2)
  3 leopard geckos
  8 orcs
  A ball python (D:1)
  5 giant cockroaches
  6 goblins
  3 hobgoblins
  2 jackals (D:1)
  A quokka (D:2)
  5 bats (D:1)
  4 frilled lizards
  4 kobolds
  5 rats
54 creatures vanquished.

Notes
Turn   | Place    | Note
-------+----------+-------------------------------------------
     0 | D:1      | flotson the Demonspawn Wanderer began the quest for the
                  | Orb.
     0 | D:1      | flotson set off with the following items: a +2 dagger, a
                  | potion of berserk rage, a +0 ring mail, a ration
     0 | D:1      | Reached XP level 1. HP: 16/16 MP: 1/1
   149 | D:1      | Gained mutation: You have sharp toenails. [demonic
                  | ancestry]
   149 | D:1      | Reached XP level 2. HP: 19/22 MP: 2/2
   401 | D:1      | Reached skill level 1 in Dodging
   823 | D:2      | Reached XP level 3. HP: 28/28 MP: 3/3
  1538 | D:2      | Reached XP level 4. HP: 25/34 MP: 4/4
  2978 | D:3      | Mangled by a gnoll

Illustrated notes

Levels and vault maps discovered:
D:1:      shiori_arrival_maze, layout_basic
D:2:      layout_basic, first_ration, hangedman_decor_slide_cut,
          guppyfry_early_lair_pool
D:3:      layout_basic

Skill      XL: |  1  2  3  4 |
---------------+-------------+-----
Armour         | 3 |  3.7
Dodging        | 1 2 |  2.2
Fighting       | 3 |  3.3
Throwing       | |  1.0
Stealth        | |  1.0
Hexes          | |  2.0
Poison Magic   | |  1.0

Action                   |  1- 3 |  4- 6 || total
-------------------------+-------+-------++-------
Melee: Dagger            |   153 |    36 ||   189
       Kick              |    27 |    15 ||    42
 Fire: Shortbow          |       |    18 ||    18
  Eat: Chunk             |     1 |     6 ||     7
Armor: Ring mail         |    76 |       ||    76
       Scale mail        |     6 |    17 ||    23
Dodge: Dodged            |    97 |    17 ||   114
